 Dungeon Crawl Stone Soup version 0.24-a0-84-g25a2d9f (webtiles) character file.

Game seed: 18299621855956078385

23 Kairos the Skirmisher (level 2, -21/16 HPs)
             Began as a Vine Stalker Fighter on Feb 7, 2019.
             Killed from afar by a goblin (34 damage)
             ... with an exploding inner flame
             ... hexed by the player character
             ... on level 2 of the Dungeon.
             The game lasted 00:00:57 (1077 turns).

Kairos the Skirmisher (Vine Stalker Fighter)        Turns: 1077, Time: 00:00:58

Health: -21/16     AC:  6    Str: 18    XL:     2   Next: 95%
Magic:  0/3        EV:  7    Int:  8    God:
Gold:   58         SH:  9    Dex: 13    Spells: 1/1 levels left

rFire    . . .     SeeInvis .   a - +1 war axe
rCold    . . .     Gourm    .   c - +0 shield
rNeg     . . .     Faith    .   b - +0 scale mail
rPois    .         Spirit   +   (no helmet)
rElec    .         Reflect  .   (no cloak)
rCorr    .         Harm     .   (no gloves)
MR       .....                  (no boots)
Stlth    ..........             (no amulet)
HPRegen  0.05/turn              g - ring of attention (curse)
MPRegen  0.08/turn              i - ring of stealth

@: no status effects
A: fangs 2, magic shield, antimagic bite, no potion heal 3, rot immunity
a: no special abilities


You were on level 2 of the Dungeon.
You were hungry.

You visited 1 branch of the dungeon, and saw 2 of its levels.

You collected 58 gold pieces.

Inventory:

Hand Weapons
 a - a +1 war axe (weapon)
Armour
 b - a +0 scale mail (worn)
 c - a +0 shield (worn)
Jewellery
 g - a cursed ring of attention (left hand)
 i - a ring of stealth (right hand)
Potions
 d - a potion of might
 j - 2 potions of haste {unknown}
Comestibles
 f - 3 rations


   Skills:
 + Level 3.0 Fighting
 + Level 1.9 Axes
 + Level 2.8 Armour
 + Level 2.9 Shields


You had one spell level left.
You didn't know any spells.
Your spell library was empty.

Dungeon Overview and Level Annotations

Branches:
Dungeon (2/15)

Altars:

Annotations:
D:2 Terence


Innate Abilities, Weirdness & Mutations

You have extremely sharp teeth.
When hurt, damage is shared between your health and your magic reserves.
Your bite disrupts and absorbs the magic of your enemies.
Potions cannot restore your health.
You are immune to rotting.


Message History

The hobgoblin hits you but does no damage.
You block the goblin's attack. The hobgoblin hits you. The hobgoblin hits you.
Terence hits you but does no damage.
Found an orange potion.
A ball python comes into view.
Found a ration.
The ball python bites you but does no damage.
The ball python grabs you. The ball python constricts you.
You escape the ball python's grasp.
You block the ball python's attack. The ball python grabs you.
The ball python constricts you.
You escape the ball python's grasp.
The ball python bites you but does no damage.
You block the ball python's attack. You block the ball python's attack. x2
You hit the goblin.
The goblin explodes!
The fiery explosion engulfs you!!!
Ouch! That really hurt!
You die...

..... ## ..... ##.#
.....# ##... .#
...... #..# ..#
.....###<# ..#
......##.##..#
#####.......# .
#....#....#.#
..###......@§...#.#
.....!...##§##.....
........g#..§....##
...#.....#S.###.##
......>...g.# .#
.........g..#
..........#..#
##..#####.##....
.... #.# ....#


You could see 2 hobgoblins and a ball python.

Vanquished Creatures
  An ooze (D:1)
  7 goblins (D:1)
  4 kobolds (D:1)
  3 bats (D:1)
  A frilled lizard (D:1)
  3 rats (D:1)
19 creatures vanquished.

Notes
Turn   | Place    | Note
-------+----------+-------------------------------------------
     0 | D:1      | Kairos the Vine Stalker Fighter began the quest for the
                  | Orb.
     0 | D:1      | Reached XP level 1. HP: 11/11 MP: 2/2
   166 | D:1      | Reached XP level 2. HP: 16/16 MP: 3/3
   346 | D:1      | Reached skill level 3 in Fighting
  1062 | D:2      | Noticed Terence
  1077 | D:2      | Killed from afar by a goblin

Levels and vault maps discovered:

Skill      XL: |  1  2 |
---------------+-------+-----
Fighting       | 3 |  3.0
Axes           | |  1.9
Armour         | |  2.8
Shields        | |  2.9

Action                   || total
-------------------------++-------
Melee: War axe           ||    48
       Bite              ||    10
  Use: Scroll            ||     2
Armor: Scale mail        ||    24
Dodge: Dodged            ||    22
Block: Shield            ||    32

Table legend:
 A = Non-vault XP
 B = Vault XP
 C = Vault XP percentage of total XP
 D = Non-vault monster count
 E = Vault monster count
 F = Vault count percentage of total count
                 A         B        C        D         E       F
            +---------+---------+-------+---------+---------+-------
      Total |      33 |       0 |   0.0 |      19 |       0 |   0.0
            +---------+---------+-------+---------+---------+-------
        D:1 |      33 |       0 |   0.0 |      19 |       0 |   0.0
            +---------+---------+-------+---------+---------+-------
